 Dungeon Crawl Stone Soup version 0.28.0 (webtiles) character file.

Game seed: 13373927461872670112

18904 15bullets the Arsonist (level 12, -15/88 HPs)
             Began as a Barachi Fire Elementalist on Feb 17, 2022.
             Was a Priest of Vehumet.
             Demolished by a cane toad simulacrum (16 damage)
             ... in an ice cave on Feb 18, 2022.
             The game lasted 01:13:37 (16158 turns).

15bullets the Arsonist (Barachi Fire Elementalist) Turns: 16158, Time: 01:13:38

Health: -15/88     AC:  8    Str: 11    XL:     12   Next: 63%
Magic:  35/36      EV: 11    Int: 26    God:    Vehumet [***...]
Gold:   117        SH:  5    Dex: 12    Spells: 9/33 levels left

rFire   . . .      SeeInvis .   S - +1 dagger (protect)
rCold   . . .      Faith    .   l - +0 buckler
rNeg    . . .      Spirit   .   P - +0 steam dragon scales
rPois   .          Reflect  .   m - +1 hat
rElec   .          Harm     .   (no cloak)
rCorr   .          Rampage  .   N - +0 pair of gloves
Will    .....                   C - +0 pair of boots
Stlth   +++.......              W - amulet of magic regeneration
HPRegen 0.24/turn               T - +6 ring of intelligence
MPRegen 0.65/turn               I - ring of magical power

@: unable to hop, on blink cooldown, invisible, slow
A: amphibious, slowness 1, strong legs 1, +LOS
a: Hop, Renounce Religion


You were in an ice cave.
You worshipped Vehumet.
Vehumet was most pleased with you.
You visited 3 branches of the dungeon, and saw 14 of its levels.
You also visited: Sewer, Ossuary and Ice Cave.

You collected 627 gold pieces.
You spent 510 gold pieces at shops.

Inventory:

Hand Weapons
 S - a +1 dagger of protection (weapon)
Missiles
 f - 5 silver javelins
 k - 92 poisoned darts
 Q - 9 curare-tipped darts
Armour
 l - a +0 buckler (worn)
 m - a +1 hat (worn)
 C - a +0 pair of boots (worn)
 H - a +1 robe of fire resistance
 N - a +0 pair of gloves (worn)
 P - +0 steam dragon scales (worn)
Jewellery
 s - a +4 ring of slaying
 y - an amulet of regeneration
 z - a +6 ring of dexterity
 F - an amulet of reflection
 I - a ring of magical power (right hand)
 T - a +6 ring of intelligence (left hand)
 V - a ring of protection from fire
 W - an amulet of magic regeneration (around neck)
Wands
 a - a wand of acid (17)
 D - a wand of flame (33)
 E - a wand of polymorph (3)
 O - a wand of paralysis (7)
 U - a wand of charming (5)
Scrolls
 c - 5 scrolls of enchant weapon
 d - 4 scrolls of teleportation
 e - 7 scrolls of noise
 g - a scroll of silence {unknown}
 n - a scroll of vulnerability
 p - a scroll of summoning
 t - 5 scrolls of fog
 x - a scroll of brand weapon {unknown}
 A - a scroll of enchant armour {unknown}
 G - 3 scrolls of immolation
 J - 2 scrolls of amnesia
 R - a scroll of acquirement {unknown}
Potions
 b - 9 potions of curing
 h - a potion of lignification
 i - a potion of invisibility
 j - a potion of flight
 o - 2 potions of heal wounds
 r - a potion of berserk rage
 u - 2 potions of might
 v - 2 potions of magic
 w - 4 potions of mutation
 B - a potion of attraction {unknown}
 K - 3 potions of haste
 L - a potion of brilliance {unknown}
 M - 2 potions of ambrosia


   Skills:
 - Level 6.0 Fighting
 - Level 2.1 Dodging
 + Level 5.3 Stealth
 - Level 4.0 Shields
 + Level 11.0 Spellcasting
 * Level 9.2 Conjurations
 - Level 4.0 Summonings
 - Level 1.0 Translocations
 + Level 12.4 Fire Magic
 - Level 7.0 Air Magic


You had 9 spell levels left.
You knew the following spells:

 Your Spells              Type           Power      Damage    Failure   Level
a - Foxfire               Conj/Fire      100%       2x1d9     1%          1
b - Scorch                Fire           100%       2d10      1%          2
c - Swiftness             Air            50%        N/A       1%          3
d - Blink                 Tloc           38%        N/A       5%          2
e - Airstrike             Air            25%        N/A       1%          4
f - Summon Lightning Spi  Summ/Air       42%        N/A       5%          4
g - Flame Wave            Conj/Fire      63%        2d12      1%          4
h - Hailstorm             Conj/Ice       38%        3d9       2%          4

Your spell library contained the following spells:

 Spells                   Type           Power      Damage    Failure   Level
 Shock                    Conj/Air       100%       1d9       1%          1
 Conjure Flame            Conj/Fire      63%        6-21      1%          3
 Inner Flame              Hex/Fire       46%        N/A       1%          3
 Call Canine Familiar     Summ           35%        N/A       3%          3
 Summon Guardian Golem    Hex/Summ       24%        N/A       7%          3
 Gell's Gravitas          Tloc           19%        N/A       11%         3
 Lesser Beckoning         Tloc           19%        N/A       11%         3
 Teleport Other           Tloc           19%        N/A       11%         3
 Portal Projectile        Hex/Tloc       32%        N/A       13%         3
 Orb of Destruction       Conj           29%        9d9       24%         7
 Leda's Liquefaction      Hex/Erth       7%         N/A       45%         4
 Spellforged Servitor     Conj/Summ      24%        N/A       56%         7
 Manifold Assault         Tloc           19%        N/A       67%         5
 Maxwell's Capacitive Co  Air            25%        ∞         98%         8
 Dispersal                Tloc           9%         N/A       99%         6
 Storm Form               Tmut/Air       16%        N/A       100%        7


Dungeon Overview and Level Annotations

Branches:
Dungeon (12/15)            Temple (1/1) D:5            Lair (1/6) D:11
    Orc (0/2) D:10          Sewer (visited)         Ossuary (visited)
  IceCv (1/1)

Altars:
Ashenzari
Cheibriados
Dithmenos
Elyvilon
Fedhas
Gozag
Hepliaklqana
Kikubaaqudgha
Makhleb
Nemelex Xobeh
Okawaru
Qazlal
Ru
Sif Muna
Trog
Uskayaw
Vehumet
Wu Jian
Xom
Yredelemnul
Zin
The Shining One

Shops:
D:11 [==

Annotations:
D:11 1 runed translucent door, p0werm0de's ghost, journeyman GnIE


Innate Abilities, Weirdness & Mutations

You are amphibious.
You cover ground slowly.
You can hop short distances.
You have an extended range of vision and can be seen from far away.


Message History

You destroy the freezing wraith!
Vehumet accepts your kill.
You feel your power returning.
The ice devil convulses! x3
The freezing wraith convulses!
The polar bear simulacrum convulses!
The elephant simulacrum convulses!
The elephant simulacrum vaporises!
Vehumet accepts your kill.
You feel your power returning.
As you read the scroll of holy word, it crumbles to dust.
You speak a Word of immense power!
The ice devil convulses!
You kill the ice devil!
Vehumet accepts your kill.
You feel your power returning.
The ice devil convulses!
You kill the ice devil!
Vehumet accepts your kill.
You feel your power returning.
The polar bear simulacrum convulses!
The polar bear simulacrum vaporises!
Vehumet accepts your kill.
You feel your power returning.
The freezing wraith convulses!
You destroy the freezing wraith!
Vehumet accepts your kill.
The ice devil convulses!
You kill the ice devil!
Vehumet accepts your kill.
Your Spellcasting skill increases to level 11!
Your Conjurations skill increases to level 9!
You fade into invisibility!
A cane toad simulacrum comes into view.
Hop to where?
Press: ? - help, Dir - move target Boing!
Casting: Scorch (safe; 1% risk of failure)
Confirm with . or Enter, or press ? or * to list all spells.
You blink.
Floosh!
Don't expect to remain undetected while in the water.
The cane toad simulacrum hits you.
* * * LOW HITPOINT WARNING * * *
The cane toad simulacrum freezes you!
You die...

# ##. . ###. ##..
.. ##.. ####... Z.4
#... ##...... _...
#..### ##....###
.....####..§.##
#...### #
.8...Z≈##....##
#..##
#≈≈≈#.Z#...###§..#
#≈≈≈@###...###§.##
##≈≈≈≈###...###§.##
###### ##...###..##
###...8...#
###....## ######


You could see an ice devil and 2 cane toad simulacra.

Vanquished Creatures
  2 two-headed ogres
  A centaur warrior (D:8)
  Urug (D:11)
  Sonja (D:11)
  An orc knight (D:10)
  An ugly thing (IceCv)
  A cyclops (D:11)
  Maggie (D:6)
  A kobold demonologist (D:10)
  An unseen horror (D:11)
  2 freezing wraiths (IceCv)
  5 ice devils
  2 trolls
  A hornet (D:8)
  Prince Ribbit (D:5)
  A vampire (D:10)
  A shadow (D:7)
  2 wyverns
  6 yaks
  A basilisk (Lair:1)
  5 steam dragons
  Menkaure (D:6)
  A water moccasin (D:5)
  An orc warrior (D:9)
  2 ice beasts
  An ogre (D:5)
  A black bear (D:8)
  A necrophage (D:5)
  4 centaurs
  A phantom (D:5)
  12 kobold brigands
  6 bullfrogs
  A two-headed ogre simulacrum (IceCv)
  A cane toad simulacrum (IceCv)
  A scorpion (D:6)
  2 water moccasin skeletons (D:5)
  7 killer bees
  An elephant simulacrum (IceCv)
  4 howler monkeys (D:8)
  3 wights (D:8)
  4 electric eels (D:7)
  4 centaur zombies
  2 hounds
  A human zombie (Ossuary)
  3 jellies
  2 orc priests (D:7)
  2 bullfrog skeletons (D:5)
  2 centaur skeletons
  2 orc wizards (D:9)
  4 iguanas
  2 polar bear simulacra (IceCv)
  3 wolf simulacra (IceCv)
  2 killer bee zombies
  3 mummies (Ossuary)
  A howler monkey zombie (D:7)
  10 adders
  4 gnolls (D:5)
  4 river rats (Sewer)
  3 shadow imps
  A white imp (D:7)
  3 ufetubi
  3 worms
  13 orcs
  16 ball pythons
  6 endoplasms
  A giant cockroach (D:2)
  7 goblins
  5 hobgoblins
  8 jackals
  3 quokkas
  5 bats
  6 frilled lizards
  2 goblin zombies (Ossuary)
  2 hobgoblin zombies (Ossuary)
  23 kobolds
  A kobold zombie (Ossuary)
  2 orc zombies (Ossuary)
  18 rats
272 creatures vanquished.

Vanquished Creatures (collateral kills)
  A two-headed ogre (D:11)
  An orc sorcerer (D:10)
  An anaconda simulacrum (IceCv)
  A freezing wraith (IceCv)
  9 yaks
  A wyvern (D:9)
  A death yak simulacrum (IceCv)
  An acid dragon (D:11)
  A water moccasin (Lair:1)
  2 orc warriors (D:10)
  2 centaurs
  7 kobold brigands (D:10)
  A two-headed ogre simulacrum (IceCv)
  6 killer bees
  A polar bear simulacrum (IceCv)
  2 wolf simulacra (IceCv)
  A howler monkey zombie (D:9)
  An ufetubus (IceCv)
  3 orcs
  3 kobolds (D:10)
  5 foxfires
51 creatures vanquished.

Vanquished Creatures (others)
  A kobold brigand (D:10)
  1029 foxfires
  A fungus (Lair:1)
  68 plants (D:7)
1099 creatures vanquished.

Grand Total: 1422 creatures vanquished

Notes
Turn   | Place    | Note
-------+----------+-------------------------------------------
     0 | D:1      | 15bullets the Barachi Fire Elementalist began the quest for
                  | the Orb.
     0 | D:1      | Reached XP level 1. HP: 13/13 MP: 3/3
   537 | D:1      | Reached skill level 1 in Fighting
   537 | D:1      | Reached XP level 2. HP: 21/21 MP: 0/5
   601 | D:1      | Found a faded altar of an unknown god.
  1035 | D:2      | Found a basalt altar of Yredelemnul.
  1043 | D:2      | Learned a level 2 spell: Scorch
  1553 | D:2      | Reached XP level 3. HP: 27/27 MP: 1/6
  1684 | D:2      | Noticed an ogre
  1685 | D:2      | F'ing low level ogres, 2nd this month
  2050 | D:3      | Reached XP level 4. HP: 34/34 MP: 0/7
  2169 | D:3      | Learned a level 3 spell: Swiftness
  2171 | D:3      | Found a glowing drain.
  2199 | Sewer    | Entered a sewer
  2565 | Sewer    | Learned a level 2 spell: Blink
  2654 | Sewer    | Reached skill level 4 in Fire Magic
  2654 | Sewer    | Reached skill level 1 in Air Magic
  2790 | Sewer    | Reached XP level 5. HP: 40/40 MP: 4/9
  2886 | Sewer    | Reached skill level 1 in Translocations
  3069 | Sewer    | Reached XP level 6. HP: 48/48 MP: 3/10
  4772 | D:4      | Identified the amulet of the First Heavens {Spirit Dex+4}
  4836 | D:5      | Entered Level 5 of the Dungeon
  4905 | D:5      | Noticed Prince Ribbit
  5094 | D:5      | Reached XP level 7. HP: 55/55 MP: 5/12
  5303 | D:5      | Killed Prince Ribbit
  5304 | D:5      | Reached skill level 5 in Fighting
  5304 | D:5      | Reached skill level 5 in Fire Magic
  5425 | D:5      | Reached XP level 8. HP: 64/64 MP: 7/14
  5486 | D:5      | Found a staircase to the Ecumenical Temple.
  5496 | Temple   | Entered the Ecumenical Temple
  5565 | Temple   | Became a worshipper of Vehumet
  6144 | D:5      | Reached skill level 5 in Conjurations
  6316 | D:5      | Reached skill level 5 in Spellcasting
  6316 | D:5      | Reached skill level 6 in Fire Magic
  6464 | D:6      | Learned a level 4 spell: Airstrike
  6708 | D:7      | Found a sand-covered staircase.
  6713 | Ossuary  | Entered an ossuary
  7266 | D:6      | Reached * piety under Vehumet
  7266 | D:6      | Offered knowledge of Magic Dart by Vehumet.
  7293 | D:6      | Noticed Maggie
  7300 | D:6      | Paralysed by Maggie for 5 turns
  7306 | D:6      | Paralysed by Maggie for 2 turns
  7309 | D:6      | Killed Maggie
  7310 | D:6      | Reached skill level 7 in Fire Magic
  7310 | D:6      | Reached XP level 9. HP: 30/69 MP: 12/18
  7869 | D:6      | Noticed Menkaure
  7871 | D:6      | Killed Menkaure
  7872 | D:6      | Reached skill level 1 in Shields
  8586 | D:7      | Reached skill level 8 in Fire Magic
  9435 | D:8      | Noticed a hornet
  9439 | D:8      | Killed a hornet
  9440 | D:8      | Reached XP level 10. HP: 76/76 MP: 15/21
  9506 | D:8      | Noticed a two-headed ogre
  9552 | D:8      | Killed a two-headed ogre
  9553 | D:8      | Reached skill level 9 in Fire Magic
 10167 | D:8      | Found Pudda's Armour Shop.
 10302 | D:8      | Found a white marble altar of Elyvilon.
 10355 | D:8      | Noticed a centaur warrior
 10364 | D:8      | Killed a centaur warrior
 10365 | D:8      | Reached skill level 10 in Fire Magic
 10719 | D:9      | Noticed a two-headed ogre
 10797 | D:9      | Killed a two-headed ogre
 10803 | D:9      | Learned a level 4 spell: Summon Lightning Spire
 10913 | D:9      | Reached skill level 1 in Summonings
 11054 | D:9      | Reached XP level 11. HP: 76/81 MP: 24/24
 11189 | D:9      | Reached ** piety under Vehumet
 11194 | D:9      | Offered knowledge of Sandblast by Vehumet.
 11536 | D:9      | Reached skill level 11 in Fire Magic
 11870 | D:9      | Reached skill level 5 in Air Magic
 12083 | D:10     | Entered Level 10 of the Dungeon
 12161 | D:10     | Found a staircase to the Orcish Mines.
 12922 | D:10     | You fall into a shaft and drop 2 floors!
 12922 | D:12     | Noticed a deep elf pyromancer
 12960 | D:11     | Noticed a cyclops
 12965 | D:11     | Killed a cyclops
 12966 | D:11     | Reached skill level 10 in Spellcasting
 13101 | D:10     | Noticed an orc sorcerer
 13114 | D:10     | Killed an orc sorcerer
 13119 | D:10     | Noticed an orc knight
 13127 | D:10     | Killed an orc knight
 13267 | D:10     | Offered knowledge of Ignite Poison by Vehumet.
 13665 | D:10     | Reached *** piety under Vehumet
 13670 | D:10     | Noticed a sun demon
 14077 | D:10     | Offered knowledge of Hailstorm by Vehumet.
 14400 | D:11     | Found a staircase to the Lair.
 14450 | D:11     | Found Ponketuts's Antique Armour Shop.
 14468 | D:11     | Noticed Sonja
 14473 | D:11     | Killed Sonja
 14474 | D:11     | Reached XP level 12. HP: 87/88 MP: 24/26
 14594 | D:11     | Noticed Urug
 14606 | D:11     | Killed Urug
 14742 | D:11     | Found Odduyq's Jewellery Shop.
 14812 | D:11     | Bought an amulet of magic regeneration for 510 gold pieces
 14851 | D:11     | Found a runed translucent door.
 14898 | D:11     | Noticed p0werm0de's ghost (journeyman GnIE)
 14928 | D:11     | Found Plog's Jewellery Shoppe.
 15028 | D:12     | Noticed a two-headed ogre
 15333 | D:11     | Found Odduyq's Jewellery Shop.
 15394 | D:11     | Found Plog's Jewellery Shoppe.
 15439 | D:11     | Found a runed translucent door.
 15572 | D:11     | Found a staircase to the Lair.
 15593 | D:11     | Found Ponketuts's Antique Armour Shop.
 15607 | D:11     | Killed a two-headed ogre
 15608 | D:11     | Reached skill level 12 in Fire Magic
 15636 | D:12     | Noticed a boulder beetle
 15645 | D:12     | Noticed a seven-headed hydra
 15688 | D:11     | Learned a level 4 spell: Flame Wave
 15693 | D:11     | Learned a level 4 spell: Hailstorm
 15826 | Lair:1   | Entered Level 1 of the Lair of Beasts
 16006 | Lair:1   | Found a frozen archway.
 16018 | IceCv    | Entered an ice cave
 16141 | IceCv    | Found an ancient bone altar of Kikubaaqudgha.
 16149 | IceCv    | Reached skill level 5 in Stealth
 16158 | IceCv    | HP: 1/88 [cane toad simulacrum (6)]
 16158 | IceCv    | Demolished by a cane toad simulacrum

Illustrated notes

#.#.##.......##..............#
###.#.##..................####...
..............####........###..).
.#.#.##.......###.............#
.S.#.##.....####.[........#####
####....###.##)...........#
..######....#.#........#######
... .........#########.......
.... ........@.......##.......
.... ........#######..........
....## ........#########........
...........>.............
........##########.......
....O... #......† ########
#....... #....... ########


Turn 1685 on D:2: F'ing low level ogres, 2nd this month

Levels and vault maps discovered:
D:1:      sevenhm_arrival_forest_fort_large_2, layout_basic,
          shapermc_ecumenical_altar_totnotflames
D:2:      layout_rooms, basic_altar, minmay_misc_feat_rows,
          nicolae_figureground_sparkle
D:3:      layout_rooms, cheibrodos_sewer_entry_sluice
D:4:      layout_basic
D:5:      layout_loops_corners, minmay_temple_entry_trees, uniq_prince_ribbit1
D:6:      layout_loops_cross, nicolae_underground_beach, uniq_menkaure,
          uniq_maggie
D:7:      layout_loops_ring, serial_bayou, serial_bayou_crossing,
          serial_bayou_lagoon_a, serial_bayou_shore_a, serial_bayou_ford_a,
          enter_ossuary_2
D:8:      layout_loops_ring, elyvilon_altar_5, serial_shops, shop,
          nrook_loot_triangle
D:9:      layout_basic, eino_tiny_chamber, minmay_liquid_box,
          kennysheep_generic_room_4
D:10:     layout_roguey [special_room_kobold], orc_0_dummy, st_stairs_13
D:11:     layout_gridville, lair_entry_dummy, serial_shops, shop, shop,
          nicolae_shop_hallway_stairs, ebering_ghost_reflecting_pool,
          uniq_sonja, uniq_urug
D:12:     layout_irregular_city, serial_bayou_lagoon_b, uniq_snorg
Temple:   compressed_dpeg_circular_temple
Lair:1:   layout_misc_corridors, portal_ice_cave_demonic_guard,
          grunt_megastairs_3
IceCv:    ice_cave_small_necro

Skill      XL: |  1  2  3  4  5  6  7  8  9 10 11 12 |
---------------+-------------------------------------+-----
Fighting       | 1 2 3 4 5 6 |  6.0
Stealth        | 2 3 5 |  5.3
Conjurations   | 2 4 5 7 9 |  9.2
Fire Magic     | 4 5 7 8 10 11 12 | 12.4
Air Magic      | 1 2 3 4 7 |  7.0
Translocations | 1 |  1.0
Spellcasting   | 3 4 6 7 9 10 11 | 11.0
Shields        | 4 |  4.0
Summonings     | 2 4 |  4.0
Dodging        | |  2.1

Action                   |  1- 3 |  4- 6 |  7- 9 | 10-12 || total
-------------------------+-------+-------+-------+-------++-------
Melee: Hand axe          |     4 |       |       |       ||     4
       Dagger            |     1 |    20 |    17 |    58 ||    96
 Cast: Foxfire           |    45 |   132 |   162 |   278 ||   617
       Scorch            |     5 |    12 |    56 |    96 ||   169
       Airstrike         |       |       |     3 |    15 ||    18
       Summon Lightning  |       |       |       |    52 ||    52
       Blink             |       |       |       |    15 ||    15
 Abil: Hop               |     2 |     2 |    14 |    23 ||    41
  Use: Scroll            |     4 |     6 |     3 |    20 ||    33
       Potion            |       |       |     1 |     5 ||     6
 Stab: Sleeping          |       |     1 |     1 |     1 ||     3
       Distracted        |       |       |     1 |     1 ||     2
Armor: Robe              |     1 |     2 |     4 |       ||     7
       Steam dragon scal |       |       |       |    61 ||    61
Dodge: Dodged            |     5 |    12 |    20 |    91 ||   128
Block: Buckler           |       |     4 |    11 |    84 ||    99
       Reflection        |       |       |       |     9 ||     9
